 Dungeon Crawl Stone Soup version 0.21-a0-349-g0c35859 (webtiles) character file.

75 tidbits the Reanimator (level 4, 9/32 HPs)
             Began as a Gnoll Necromancer on Oct 8, 2017.
             Quit the game in a sewer.
             The game lasted 00:04:15 (639 turns).

tidbits the Reanimator (Gnoll Necromancer)           Turns: 639, Time: 00:04:16

Health: 9/32       AC:  3    Str: 11    XL:     4   Next: 31%
Magic:  2/11       EV: 15    Int: 18    God:
Gold:   13         SH:  0    Dex: 15    Spells: 1/13 levels left

rFire    . . .     SeeInvis .     - Unarmed
rCold    . . .     Gourm    .   (no shield)
rNeg     . . .     Faith    .   B - +0 robe
rPois    .         Spirit   .   (no helmet)
rElec    .         Reflect  .   (no cloak)
rCorr    .         Harm     .   (no gloves)
MR       .....                  F - +0 pair of boots
Stlth    +++.......             (no amulet)
HPRegen  0.10/turn              (no ring)
MPRegen  0.12/turn              (no ring)

@: no status effects
A: distributed training, fangs 1, strong nose
a: no special abilities


You were in a sewer.
You were not hungry.

You visited 1 branch of the dungeon, and saw 3 of its levels.
You also visited: Sewer.

You collected 13 gold pieces.

Inventory:

Missiles
 d - 16 arrows
Armour
 i - a +0 ring mail
 B - a +0 robe (worn)
 F - a +0 pair of boots (worn)
Scrolls
 e - a scroll of remove curse {unknown}
 g - a scroll of teleportation {unknown}
Books
 b - a book of Necromancy

   Spells                             Type                      Level
   a - Pain                           Necromancy                   1
   b - Animate Skeleton               Necromancy                   1
   c - Vampiric Draining              Necromancy                   3
   d - Regeneration                   Charms/Necromancy            3
   e - Animate Dead                   Necromancy                   4
   f - Control Undead                 Necromancy                   4
Comestibles
 a - 4 fruits
 c - a bread ration
 h - a royal jelly


   Skills:
 + Level 1.1 Fighting
 + Level 1.1 Short Blades
 + Level 1.1 Long Blades
 + Level 1.1 Axes
 + Level 1.1 Maces & Flails
 + Level 1.1 Polearms
 + Level 1.1 Staves
 + Level 1.1 Slings
 + Level 1.1 Bows
 + Level 1.1 Crossbows
 + Level 1.1 Throwing
 + Level 1.1 Armour
 + Level 4.6 Dodging
 + Level 4.2 Stealth
 + Level 1.1 Shields
 + Level 1.1 Unarmed Combat
 + Level 5.0 Spellcasting
 + Level 1.1 Conjurations
 + Level 1.1 Hexes
 + Level 1.1 Charms
 + Level 1.1 Summonings
 + Level 8.5 Necromancy
 + Level 1.1 Translocations
 + Level 1.1 Transmutations
 + Level 1.1 Fire Magic
 + Level 1.1 Ice Magic
 + Level 1.1 Air Magic
 + Level 1.1 Earth Magic
 + Level 1.1 Poison Magic
 + Level 1.1 Invocations
 + Level 1.1 Evocations


You had one spell level left.
You knew the following spells:

 Your Spells              Type           Power        Failure   Level  Hunger
a - Pain                  Necr           ####         1%          1    None
n - Animate Skeleton      Necr           N/A          1%          1    None
r - Regeneration          Chrm/Necr      ###.......   5%          3    ##.....
v - Vampiric Draining     Necr           #####.....   1%          3    ##.....
N - Animate Dead          Necr           N/A          3%          4    ####...


Dungeon Overview and Level Annotations

Branches:
Dungeon (3/15)

Altars:


Innate Abilities, Weirdness & Mutations

Your experience applies equally to all skills.
You have very sharp teeth.
Your uncanny sense of smell can sniff out nearby items.


Message History

You kill the ball python!
The frilled lizard bites you.
* * * LOW HITPOINT WARNING * * *
Unknown command.
You barely miss the frilled lizard. The frilled lizard barely misses you.
A frilled lizard comes into view.
You miss the frilled lizard.
The frilled lizard hisses angrily.
The frilled lizard misses you.
A giant cockroach comes into view.
Casting: Pain
Confirm with . or Enter, or press ? or * to list all spells.
Aiming: Pain
Press: ? - help, Shift-Dir - straight line, f - frilled lizard
Aim: a frilled lizard (chance to defeat MR: 93%)
The frilled lizard writhes in agony!
You kill the frilled lizard!
The leopard gecko misses you.
An ooze comes into view.
Casting: Pain
Confirm with . or Enter, or press ? or * to list all spells.
Aiming: Pain
Press: ? - help, Shift-Dir - straight line, f - ooze
Aim: an ooze (chance to defeat MR: 84%)
The ooze writhes in agony!
The ooze quivers.
The leopard gecko hisses menacingly.
The leopard gecko bites you.
* * * LOW HITPOINT WARNING * * *
Casting: Pain
Confirm with . or Enter, or press ? or * to list all spells.
Aiming: Pain
Press: ? - help, Shift-Dir - straight line, f/p - ooze
Aim: an ooze (heavily wounded, chance to defeat MR: 84%)
The ooze writhes in agony!
The leopard gecko closely misses you. The ooze hits you.
* * * LOW HITPOINT WARNING * * *
2 oozes come into view.
You aren't carrying any potions.
Unknown command.
Okay, then.
Casting: Pain
Confirm with . or Enter, or press ? or * to list all spells.
Your skin crawls.
The ooze quivers. x2
The leopard gecko bites you.
* * * LOW HITPOINT WARNING * * *
The ooze hits you.
* * * LOW HITPOINT WARNING * * *
Unknown command.
You enter the shallow water.
Moving in this stuff is going to be slow.
The leopard gecko closely misses you.
Your skin is crawling a little less now.
The leopard gecko barely misses you. x2; The ooze closely misses you.
The leopard gecko misses you. The leopard gecko bites you.
* * * LOW HITPOINT WARNING * * *
Your skin stops crawling.
You miss the leopard gecko. The ooze barely misses you.
The leopard gecko misses you. The leopard gecko closely misses you.
The ooze jiggles.
The leopard gecko completely misses you.
The frilled lizard closely misses you. The leopard gecko misses you.
You enter the shallow water.
Moving in this stuff is going to be slow.
The leopard gecko bites you.
* * * LOW HITPOINT WARNING * * *
The frilled lizard closely misses you. The leopard gecko bites you.
* * * LOW HITPOINT WARNING * * *
There is a gate leading back out of this place here.
Casting: Regeneration
Confirm with . or Enter, or press ? or * to list all spells.
Aiming: Pain
Press: ? - help, Shift-Dir - straight line, f/p - ooze
Aim: an ooze (almost dead, chance to defeat MR: 84%)
The ooze writhes in agony!
You kill the ooze!
The frilled lizard misses you.
You miss the frilled lizard.
The frilled lizard bites you but does no damage.
You hit the frilled lizard.
You kill the frilled lizard!
The leopard gecko bites you but does no damage.
The leopard gecko misses you.
Casting: Pain
Confirm with . or Enter, or press ? or * to list all spells.
Aiming: Pain
Press: ? - help, Shift-Dir - straight line, f - leopard gecko
Aim: a leopard gecko (chance to defeat MR: 93%)
The leopard gecko writhes in agony!
The leopard gecko completely misses you.
You hit the leopard gecko.
You kill the leopard gecko!
The giant cockroach bites you.
* * * LOW HITPOINT WARNING * * *
Are you sure you want to abandon this character and quit the game? (Confirm with "yes".)

#######≈≈.####
#≈≈≈≈≈≈≈##
##.≈#.≈≈≈##
#≈≈##≈≈≈≈#
##≈≈##J≈≈##
#J≈≈#≈J≈≈#
#≈≈≈##≈≈J##
#J≈J≈#≈≈Js# ∆∆
#≈≈≈≈#≈≈.@#
∆∆∆ ≈≈≈.#.≈≈.#
##.≈≈## #≈≈≈≈#
##.≈.##
##≈≈≈≈#
###≈≈≈≈##
####≈≈†≈≈##
#####≈≈≈..≈≈##


You could see 4 oozes and a giant cockroach.

Vanquished Creatures
  6 oozes (Sewer)
  6 leopard geckos
  4 giant cockroaches
  A hobgoblin (D:1)
  4 jackals (D:1)
  2 kobolds
  A quokka (D:3)
  7 ball pythons (Sewer)
  A bat (D:1)
  11 frilled lizards
  A goblin (D:1)
44 creatures vanquished.

Notes
Turn   | Place    | Note
-------+----------+-------------------------------------------
     0 | D:1      | tidbits the Gnoll Necromancer began the quest for the Orb.
     0 | D:1      | Reached XP level 1. HP: 13/13 MP: 6/6
    15 | D:1      | Reached XP level 2. HP: 14/19 MP: 1/7
   281 | D:3      | Found a glowing drain.
   291 | Sewer    | Entered a sewer
   318 | Sewer    | Reached skill level 5 in Spellcasting
   318 | Sewer    | Reached XP level 3. HP: 13/25 MP: 2/9
   386 | Sewer    | Learned a level 3 spell: Vampiric Draining
   390 | Sewer    | Learned a level 3 spell: Regeneration
   406 | Sewer    | Learned a level 1 spell: Animate Skeleton
   528 | Sewer    | Reached skill level 1 in Fighting
   528 | Sewer    | Reached skill level 1 in Short Blades
   528 | Sewer    | Reached skill level 1 in Long Blades
   528 | Sewer    | Reached skill level 1 in Axes
   528 | Sewer    | Reached skill level 1 in Maces & Flails
   528 | Sewer    | Reached skill level 1 in Polearms
   528 | Sewer    | Reached skill level 1 in Staves
   528 | Sewer    | Reached skill level 1 in Slings
   528 | Sewer    | Reached skill level 1 in Bows
   528 | Sewer    | Reached skill level 1 in Crossbows
   528 | Sewer    | Reached skill level 1 in Throwing
   528 | Sewer    | Reached skill level 1 in Armour
   528 | Sewer    | Reached skill level 1 in Shields
   528 | Sewer    | Reached skill level 1 in Unarmed Combat
   528 | Sewer    | Reached skill level 1 in Conjurations
   528 | Sewer    | Reached skill level 1 in Hexes
   528 | Sewer    | Reached skill level 1 in Charms
   528 | Sewer    | Reached skill level 1 in Summonings
   528 | Sewer    | Reached skill level 1 in Translocations
   528 | Sewer    | Reached skill level 1 in Transmutations
   528 | Sewer    | Reached skill level 1 in Fire Magic
   528 | Sewer    | Reached skill level 1 in Ice Magic
   528 | Sewer    | Reached skill level 1 in Air Magic
   528 | Sewer    | Reached skill level 1 in Earth Magic
   528 | Sewer    | Reached skill level 1 in Poison Magic
   528 | Sewer    | Reached skill level 1 in Invocations
   528 | Sewer    | Reached skill level 1 in Evocations
   576 | Sewer    | Reached XP level 4. HP: 17/32 MP: 6/11
   584 | Sewer    | Learned a level 4 spell: Animate Dead
   639 | Sewer    | Quit the game

Vault maps used:
D:1:      lightli_arrival_statuegarden, minmay_shallow_snake_nest
D:2:      minmay_pentomino_p4
D:3:      cheibriados_altar_1, gup_sewer_entry_pipe, uniq_sigmund, uniq_ijyb
Sewer:    sewer_frog_island_02

Skill      XL: |  1  2  3 |
---------------+----------+-----
Spellcasting   | 5 |  5.0
Fighting       | 1 |  1.1
Short Blades   | 1 |  1.1
Long Blades    | 1 |  1.1
Axes           | 1 |  1.1
Maces & Flails | 1 |  1.1
Polearms       | 1 |  1.1
Staves         | 1 |  1.1
Slings         | 1 |  1.1
Bows           | 1 |  1.1
Crossbows      | 1 |  1.1
Throwing       | 1 |  1.1
Armour         | 1 |  1.1
Shields        | 1 |  1.1
Unarmed Combat | 1 |  1.1
Conjurations   | 1 |  1.1
Hexes          | 1 |  1.1
Charms         | 1 |  1.1
Summonings     | 1 |  1.1
Translocations | 1 |  1.1
Transmutations | 1 |  1.1
Fire Magic     | 1 |  1.1
Ice Magic      | 1 |  1.1
Air Magic      | 1 |  1.1
Earth Magic    | 1 |  1.1
Poison Magic   | 1 |  1.1
Invocations    | 1 |  1.1
Evocations     | 1 |  1.1
Dodging        | |  4.6
Stealth        | |  4.2
Necromancy     | |  8.5

Action                   |  1- 3 |  4- 6 || total
-------------------------+-------+-------++-------
Melee: Unarmed           |     7 |     6 ||    13
       Bite              |     1 |       ||     1
 Cast: Pain              |    51 |    11 ||    62
       Regeneration      |     2 |     1 ||     3
       Animate Skeleton  |     1 |       ||     1
Armor: Robe              |     6 |     2 ||     8
Dodge: Dodged            |    30 |    23 ||    53

Table legend:
 A = Spawn XP
 B = Non-spawn XP
 C = Spawn XP percentage of total XP
 D = Spawn monster count
 E = Non-spawn monster count
 F = Spawn count percentage of total count
 G = Total turns spent on level
                    A         B        C        D         E        F      G
               +---------+---------+-------+---------+---------+-------+---------
         Total |       0 |     108 |   0.0 |       0 |      44 |   0.0 |   639
               +---------+---------+-------+---------+---------+-------+---------
           D:1 |       0 |      15 |   0.0 |       0 |       9 |   0.0 |   219
           D:2 |       0 |       2 |   0.0 |       0 |       1 |   0.0 |    40
           D:3 |       0 |      13 |   0.0 |       0 |       5 |   0.0 |    32
         Sewer |       0 |      78 |   0.0 |       0 |      29 |   0.0 |   348
               +---------+---------+-------+---------+---------+-------+---------

Table legend:
 A = Turns spent in this place as a percentage of turns spent in the entire game.
 B = Non-inter-level travel turns spent in this place as a percentage of non-inter-level travel turns spent in the entire game.
 C = Inter-level travel turns spent in this place as a percentage of turns spent in this place.
 D = Turns resting spent in this place as a percentage of non-inter-level travel turns spent in this place.
 E = Turns spent auto-exploring this place as a percentage of non-inter-level travel turns spent in this place.
 F = Non-inter-level travel turns spent in this place divided by the number of levels of this place that you've seen.
                   A       B       C       D       E      F
               +-------+-------+-------+-------+-------+----------------------
         Total | 100.0 | 100.0 |   3.4 |   0.0 |   0.0 | 154.2
       Dungeon |  45.5 |  43.6 |   7.6 |   0.0 |   0.0 |  89.7
         Sewer |  54.5 |  56.4 |   0.0 |   0.0 |   0.0 | 348.0
               +-------+-------+-------+-------+-------+----------------------

Table legend:
 A = Kills in this place as a percentage of kills in entire the game.
 B = Kills by you in this place as a percentage of kills by you in the entire game.
 C = Kills by friends in this place as a percentage of kills by friends in the entire game.
 D = Other kills in this place as a percentage of other kills in the entire game.
 E = Experience gained in this place as a percentage of experience gained in the entire game.
 F = Experience gained in this place divided by the number of levels of this place that you have seen.
                   A       B       C       D       E      F
               +-------+-------+-------+-------+-------+----------------------
         Total | 100.0 | 100.0 |   N/A |   N/A | 100.0 |  27.0
       Dungeon |  34.1 |  34.1 |   N/A |   N/A |  27.8 |  10.0
         Sewer |  65.9 |  65.9 |   N/A |   N/A |  72.2 |  78.0
               +-------+-------+-------+-------+-------+----------------------

Vault maps used:
D:1:      lightli_arrival_statuegarden, minmay_shallow_snake_nest
D:2:      minmay_pentomino_p4
D:3:      cheibriados_altar_1, gup_sewer_entry_pipe, uniq_sigmund, uniq_ijyb
Sewer:    sewer_frog_island_02
